 Dungeon Crawl Stone Soup version 0.25-a0-510-ge065f6de7d (webtiles) character file.

Game seed: 12534576972614547732, levelgen mode: classic

2052 EnegeticOcto the Chopper (level 9, 28/81 HPs)
             Began as a Deep Dwarf Fighter on Feb 15, 2020.
             Quit the game on level 7 of the Dungeon.
             The game lasted 00:01:55 (2540 turns).

EnegeticOcto the Chopper (Deep Dwarf Fighter)       Turns: 2540, Time: 00:01:55

Health: 28/81      AC:  7    Str: 23    XL:     9   Next: 4%
Magic:  0/0        EV: 10    Int:  9    God:
Gold:   220        SH: 10    Dex: 12    Spells: 8/8 levels left

rFire    . . .     SeeInvis .   a - +0 war axe
rCold    . . .     Gourm    .   c - +0 kite shield
rNeg     . . .     Faith    .   b - +0 scale mail
rPois    .         Spirit   .   (no helmet)
rElec    .         Reflect  .   (no cloak)
rCorr    .         Harm     .   (no gloves)
MR       +....                  (no boots)
Stlth    ..........             (no amulet)
HPRegen  0.00/turn              (no ring)
MPRegen  0.07/turn              (no ring)

@: non-regenerating
A: damage resistance, heal wounds, sense surroundings 2, no regeneration
a: Heal Wounds


You were on level 7 of the Dungeon.
You were not hungry.

You visited 1 branch of the dungeon, and saw 7 of its levels.

You collected 220 gold pieces.

Inventory:

Hand Weapons
 a - a +0 war axe (weapon)
Armour
 b - a +0 scale mail (worn)
 c - a +0 kite shield (worn)
Wands
 r - a wand of polymorph (6)
Scrolls
 f - a scroll of summoning {unknown}
 g - a scroll of remove curse {unknown}
 h - 2 scrolls of fog {unknown}
 k - 3 scrolls of teleportation {unknown}
 l - a scroll of enchant armour {unknown}
 m - 4 scrolls of identify {unknown}
 q - a scroll of immolation {unknown}
 t - a scroll of amnesia {unknown}
Potions
 d - 2 potions of might {@q3}
 i - 3 potions of curing {unknown}
 j - a potion of heal wounds {unknown}
 n - 2 potions of cancellation {unknown}
 o - 2 potions of magic {unknown}
 p - a potion of agility {unknown}
Comestibles
 e - 6 rations
 s - 6 chunks of flesh


   Skills:
 + Level 5.1 Fighting
 * Level 7.8 Axes
 + Level 6.2 Armour
 + Level 5.0 Dodging
 + Level 6.2 Shields


You had 8 spell levels left.
You didn't know any spells.
Your spell library contained the following spells:

 Spells                   Type           Power        Failure   Level  Hunger
 Sandblast                Erth           #.....       96%         1    ##.....
 Passwall                 Tmut/Erth      #.......     99%         2    ###....
 Stone Arrow              Conj/Erth      #.....       100%        3    ####...
 Petrify                  Tmut/Erth      #.......     100%        4    #####..
 Lee's Rapid Deconstruct  Erth           #.........   100%        5    ######.


Dungeon Overview and Level Annotations

Branches:
Dungeon (7/15)
 Temple: D:4-7

Altars:
Ru


Innate Abilities, Weirdness & Mutations

You are resistant to damage.
You can heal yourself by infusing magical energy.
You passively map the area around you.
You do not regenerate.


Message History

The wraith is almost destroyed.
The wraith hits you!
* * * LOW HITPOINT WARNING * * *
The wraith drains your vigour!
You feel as though you will be slow longer.
You block the wraith's attack.
You slash the wraith!
You destroy the wraith!
Your Dodging skill increases to level 5!
You have reached level 9!
Your experience leads to an increase in your attributes!
Increase (S)trength, (I)ntelligence, or (D)exterity?
You feel stronger.
Your attunement to dungeon structure grows.
You are no longer poisoned.
Items here: ( ) †† a +0 shortbow; 21 arrows; a killer bee corpse; a centaur corpse Your magical essence is drained by the effort!
You feel much better.
You don't have enough innate magic capacity.
You butcher the centaur corpse.
s - 6 chunks of flesh
Items here: ( ) ÷ † a +0 shortbow; 21 arrows; a killer bee corpse; a centaur skeleton
Items here: ( ) ÷ † a +0 shortbow; 21 arrows; a killer bee corpse; a centaur skeleton
m - 4 scrolls labeled YVATIUKK TUDGH (gained 1)
You open the door.
There is an open door here.
You open the door.
There is an open door here.
e - 6 rations (gained 1)
Found a spear.
You feel yourself speed up.
You open the door.
Found a stone staircase leading down.
A worker ant comes into view.
The worker ant twitches its antennae in your direction.
The worker ant moves out of view.
Found a stone staircase leading up.
There is an open door here.
Found a stone staircase leading up.
A worker ant is nearby!
You are too injured to fight recklessly!
You are too injured to fight recklessly!
You are too injured to fight recklessly!
You are too injured to fight recklessly!
You are too injured to fight recklessly!
You are too injured to fight recklessly!
You are too injured to fight recklessly!
You are too injured to fight recklessly!
You are too injured to fight recklessly!
You are too injured to fight recklessly!
You are too injured to fight recklessly!
You are too injured to fight recklessly!
You are too injured to fight recklessly!
A worker ant is nearby!
The worker ant barely misses you.
Found a scroll labeled VOWADUUCHA.
You slash the worker ant!
The worker ant is severely wounded.
The worker ant bites you but does no damage.
You hit the worker ant.
The worker ant is almost dead.
You block the worker ant's attack.
You hit the worker ant but do no damage.
The worker ant is almost dead.
The worker ant bites you but does no damage.
The worker ant completely misses you.
You slash the worker ant!
You kill the worker ant!
A phantom comes into view.
Found 19 gold pieces and a runed ring mail.
The phantom hits you.
A phantom is nearby!
You are too injured to fight recklessly!
You are too injured to fight recklessly!
You are too injured to fight recklessly!
You are too injured to fight recklessly!
You are too injured to fight recklessly!
You miss the phantom.
The phantom hits you but does no damage.
You slash the phantom!
The phantom is heavily damaged.
You block the phantom's attack.
You hit the phantom.
The phantom is heavily damaged.
The phantom closely misses you.
You closely miss the phantom.
The phantom is heavily damaged.
You block the phantom's attack.
You hit the phantom.
The phantom is heavily damaged.
You block the phantom's attack.
You closely miss the phantom.
The phantom is heavily damaged.
The phantom blinks! x2
The phantom blinks!
The phantom closely misses you.
Are you sure you want to abandon this character and quit the game? (Confirm with "yes".)

, , , ##############.....#,, , *
###
+............+.....###########...
#...........)#...................
#............#...................
#............#.........<...[.....
#............#..>................
#............#.......<..?..$..# *
##......###..#..@W............+
##......###..##'###...........#
..................#.....#######,
..................#.....#
..................#.....# , ,**
..................#.....+ , ,
###....####..###+##.....#, * #
###### #### ......#, * , . , ,* *
* ,


You could see a phantom.

Vanquished Creatures
  Grinder (D:4)
  A wraith (D:7)
  A steam dragon (D:7)
  Menkaure (D:5)
  Duvessa (D:4)
  A sky beast (D:5)
  2 ice beasts
  An ogre (D:4)
  2 centaurs
  Blork the orc (D:5)
  A big kobold (D:5)
  A bullfrog (D:6)
  Dowan (D:4)
  3 killer bees (D:7)
  A howler monkey (D:6)
  A quasit (D:6)
  A crimson imp (D:5)
  A centaur zombie (D:7)
  An orc priest (D:4)
  A hound (D:5)
  An iguana (D:5)
  6 worker ants
  2 howler monkey skeletons (D:5)
  5 adders
  An adder zombie (D:5)
  13 orcs
  2 giant cockroaches
  3 hobgoblins
  2 quokkas
  2 bats
  7 frilled lizards
  A goblin (D:2)
  11 kobolds
  A leopard gecko skeleton (D:4)
  4 rats
85 creatures vanquished.

Notes
Turn   | Place    | Note
-------+----------+-------------------------------------------
     0 | D:1      | EnegeticOcto the Deep Dwarf Fighter began the quest for the
                  | Orb.
     0 | D:1      | Reached XP level 1. HP: 20/20 MP: 1/1
   136 | D:1      | Reached XP level 2. HP: 18/27 MP: 2/2
   328 | D:4      | Reached XP level 3. HP: 23/33 MP: 3/3
   491 | D:4      | Reached skill level 3 in Axes
   491 | D:4      | Reached skill level 1 in Dodging
   518 | D:4      | Noticed an ogre
   527 | D:4      | Killed an ogre
   527 | D:4      | Reached XP level 4. HP: 34/42 MP: 4/4
   527 | D:4      | Reached XP level 5. HP: 39/49 MP: 5/5
   595 | D:4      | Noticed Dowan
   595 | D:4      | Noticed Duvessa
   599 | D:4      | Noticed Grinder
   606 | D:4      | Killed Dowan
   606 | D:4      | Reached skill level 4 in Axes
   630 | D:4      | Paralysed by Grinder for 6 turns
   652 | D:4      | Killed Duvessa
   652 | D:4      | Reached XP level 6. HP: 42/56 MP: 3/3
   665 | D:4      | Killed Grinder
   665 | D:4      | Reached skill level 5 in Axes
   665 | D:4      | Reached XP level 7. HP: 47/63 MP: 4/4
   833 | D:4      | Found a sacrificial altar of Ru.
  1097 | D:5      | Entered Level 5 of the Dungeon
  1157 | D:5      | Noticed Menkaure
  1165 | D:5      | Killed Menkaure
  1165 | D:5      | Reached skill level 5 in Shields
  1214 | D:5      | Reached skill level 5 in Armour
  1293 | D:5      | Reached skill level 6 in Axes
  1417 | D:5      | Reached XP level 8. HP: 44/73 MP: 3/3
  1496 | D:5      | Noticed Blork the orc
  1512 | D:5      | Killed Blork the orc
  2139 | D:6      | Reached skill level 7 in Axes
  2441 | D:7      | Reached skill level 5 in Fighting
  2466 | D:7      | Reached skill level 5 in Dodging
  2466 | D:7      | Gained mutation: You passively map the area around you.
                  | [Deep Dwarf growth]
  2466 | D:7      | Reached XP level 9. HP: 5/81 MP: 1/1
  2540 | D:7      | Quit the game

Levels and vault maps discovered:
D:1:      dpeg_arrival_chase, layout_rooms, roderic_st_hans_cross,
          kennysheep_small_spiral
D:2:      layout_basic, makhleb_altar_promises_db
D:3:      layout_basic, first_ration
D:4:      layout_cave_pods, nicolae_ru_the_path_less_chosen, uniq_grinder,
          uniq_duvessa
D:5:      layout_rooms, uniq_menkaure, uniq_blork_the_orc
D:6:      layout_gridville
D:7:      layout_gridville, grunt_temple_overflow_cloverleaf,
          lemuel_coloured_pillars_altar, minmay_temple_entry_junction,
          grunt_ogre_cave, minmay_guarded_unrand_finisher, uniq_pikel,
          uniq_harold

Skill      XL: |  1  2  3  4  5  6  7  8 |
---------------+-------------------------+-----
Fighting       | 3 4 5 |  5.1
Axes           | 3 4 5 6 7 |  7.8
Dodging        | 1 2 3 5 |  5.0
Shields        | 4 5 6 |  6.2
Armour         | 4 5 6 |  6.2

Action                   |  1- 3 |  4- 6 |  7- 9 || total
-------------------------+-------+-------+-------++-------
Melee: War axe           |    70 |    56 |   261 ||   387
 Abil: Heal Wounds       |     1 |     9 |    12 ||    22
  Eat: Chunk             |       |       |     6 ||     6
Armor: Scale mail        |    28 |    35 |   109 ||   172
Dodge: Dodged            |    27 |    27 |   127 ||   181
Block: Kite shield       |    29 |    41 |   154 ||   224

Table legend:
 A = Non-vault XP
 B = Vault XP
 C = Vault XP percentage of total XP
 D = Non-vault monster count
 E = Vault monster count
 F = Vault count percentage of total count
                 A         B        C        D         E       F
            +---------+---------+-------+---------+---------+-------
      Total |    1990 |     942 |  32.1 |      79 |       6 |   7.1
            +---------+---------+-------+---------+---------+-------
        D:1 |      12 |       0 |   0.0 |      10 |       0 |   0.0
        D:2 |       7 |       0 |   0.0 |       4 |       0 |   0.0
        D:3 |       6 |       0 |   0.0 |       5 |       0 |   0.0
        D:4 |     263 |     463 |  63.8 |      14 |       3 |  17.6
        D:5 |     647 |     265 |  29.1 |      26 |       2 |   7.1
        D:6 |     488 |       0 |   0.0 |      13 |       0 |   0.0
        D:7 |     567 |     214 |  27.4 |       7 |       1 |  12.5
            +---------+---------+-------+---------+---------+-------
